 Dungeon Crawl Stone Soup version 0.31-a0-524-g2a164cf6a2 (webtiles) character file.

Game seed: 12659743256282452760

3698 AIAndy the Grave Robber (level 10, -1/76 HPs)
             Began as a Gnoll Wanderer on Aug 12, 2023.
             Was a Follower of Uskayaw.
             Slain by a wyvern (9 damage)
             ... on level 7 of the Dungeon.
             The game lasted 00:45:10 (10007 turns).

AIAndy the Grave Robber (Gnoll Wanderer)           Turns: 10007, Time: 00:45:10

Health: -1/76      AC: 10    Str: 14    XL:     10   Next: 13%
Magic:  16/18      EV: 27    Int: 15    God:    Uskayaw [*.....]
Gold:   548        SH:  0    Dex: 10    Spells: 14/20 levels left

rFire   . . .        J - +4 dire flail
rCold   . . .        (shield currently unavailable)
rNeg    . . .        c - +0 ring mail
rPois   .            G - +0 helmet
rElec   .            u - +0 cloak
rCorr   .            D - +0 pair of gloves
SInv    .            (no boots)
Will    .....        d - amulet of the acrobat
Stlth   ++           Z - ring of wizardry
HPRegen 0.32/turn    (no ring)
MPRegen 0.16/turn

%: acrobat, wizardry (x1)
@: acrobatic
A: fangs 1, strong nose, distributed training
a: Renounce Religion, Stomp


You were on level 7 of the Dungeon.
You worshipped Uskayaw.
Uskayaw was noncommittal.
You visited 1 branch of the dungeon, and saw 7 of its levels.
You also visited: Sewer.

You collected 548 gold pieces.


Innate Abilities, Weirdness & Mutations

You have very sharp teeth.
Your uncanny sense of smell can sniff out nearby items.
Your experience applies equally to all skills.


   Skills:
 + Level 5.7 Fighting
 + Level 5.1 Short Blades
 + Level 5.1 Long Blades
 + Level 5.1 Axes
 + Level 5.1 Maces & Flails
 + Level 5.1 Polearms
 + Level 5.1 Staves
 + Level 5.1 Ranged Weapons
 + Level 5.1 Throwing
 + Level 5.7 Armour
 + Level 5.1 Dodging
 + Level 5.1 Stealth
 + Level 5.1 Shields
 + Level 5.1 Unarmed Combat
 + Level 5.9 Spellcasting
 + Level 4.2 Conjurations
 + Level 7.0 Hexes
 + Level 4.2 Summonings
 + Level 7.0 Necromancy
 + Level 4.2 Translocations
 + Level 4.2 Transmutations
 + Level 4.2 Fire Magic
 + Level 4.2 Ice Magic
 + Level 4.2 Air Magic
 + Level 4.2 Earth Magic
 + Level 4.2 Poison Magic
 + Level 5.6 Invocations
 + Level 5.7 Evocations
 + Level 4.2 Shapeshifting


You had 14 spell levels left.
You knew the following spells:

 Your Spells              Type           Power      Damage    Failure   Level
g - Summon Guardian Gole  Hex/Summ       21%        N/A       3%          3
I - Blink                 Tloc           34%        N/A       3%          2
X - Necrotise             Necr           100%       1d9       1%          1

Your spell library contained the following spells:

 Spells                   Type           Power      Damage    Failure   Level
 Apportation              Tloc           34%        N/A       1%          1
 Slow                     Hex            100%       N/A       1%          1
 Sting                    Tmut/Pois      68%        1d6       1%          1
 Summon Small Mammal      Summ           68%        N/A       1%          1
 Vampiric Draining        Necr           25%        2d7       1%          3
 Cigotuvi's Dreadful Rot  Necr/Pois/Air  38%        N/A       2%          2
 Poisonous Vapours        Pois/Air       34%        N/A       3%          2
 Dispel Undead            Necr           25%        3d12      6%          4
 Fulminant Prism          Conj/Hex       10%        3d9       12%         4
 Agony                    Necr           25%        N/A       17%         5
 Manifold Assault         Tloc           17%        N/A       21%         4
 Olgreb's Toxic Radiance  Pois           17%        N/A       21%         4
 Death Channel            Necr           12%        N/A       65%         6
 Dispersal                Tloc           8%         N/A       95%         6
 Disjunction              Tloc           8%         N/A       100%        8

Inventory:

Hand Weapons
 a - a +2 rapier of freezing
 t - the +0 quarterstaff "Widowmaker" {freeze, Fragile rElec rF++ Dex+2}
   (You found it on level 3 of the Dungeon)

   Dex+2:     It affects your dexterity (+2).
   rF++:      It greatly protects you from fire.
   rElec:     It insulates you from electricity.
   Fragile:   It will be destroyed if unequipped.
 J - a +4 dire flail (weapon)
 K - a +0 orcbow
Missiles
 v - 5 curare-tipped darts {=f}
 y - 19 poisoned darts (quivered)
 I - 3 boomerangs
Armour
 c - a +0 ring mail (worn)
 g - a +0 plate armour
 u - a +0 cloak (worn)
 D - a +0 pair of gloves (worn)
 G - a +0 helmet (worn)
Magical Staves
 A - a staff of air
Jewellery
 d - an amulet of the acrobat (around neck)
 Z - a ring of wizardry (left hand)
Wands
 k - a wand of acid (1)
 s - a wand of roots (8)
 H - a wand of flame (18)
Scrolls
 b - 3 scrolls of fear
 h - 2 scrolls of enchant weapon
 i - 3 scrolls of teleportation {@r4}
 o - a scroll of fog {unknown}
 p - a scroll of amnesia
 q - a scroll of revelation
 C - 2 scrolls of immolation {!r}
Potions
 e - 2 potions of might {unknown}
 f - 3 potions of lignification {!q}
 j - 3 potions of mutation {!q}
 l - a potion of ambrosia {unknown}
 m - 3 potions of cancellation
 n - 3 potions of curing {@q1}
 r - 5 potions of heal wounds {@q2}
 w - a potion of brilliance {unknown}
 z - 2 potions of magic {unknown}
 B - a potion of attraction {unknown}
 E - 2 potions of haste {unknown}
 M - a potion of resistance {unknown}

Dungeon Overview and Level Annotations

Branches:
Dungeon (7/15)             Temple (0/1) D:4           Sewer (visited)

Altars:
Kikubaaqudgha
Makhleb
Ru
Sif Muna
Uskayaw
Vehumet
Yredelemnul
The Shining One

Shops:
D:1

[ ###..##.# #.# #.#...#
#.# .##..##.######.#
#.#...# #.#
.##............#
#.....# #.#
.##.###.######.#
#....## #.# ....#
#.######.###....# #.#
#####
#......#.<......#####.#
######.#####..........#
#.............)###
#####@#######..# #l#
#..# #.# #..# #9# #))#
#.# #.######
#########.# #.....[#
..........# #.####.#
.########## #.# #.# #.#
#.# #.#


You could see a wyvern (ally target) and a friendly guardian golem (summoned).


Message History

You closely miss the wyvern.
The wyvern is lightly wounded.
The wyvern barely misses you.
Okay, then.
You barely miss the wyvern.
The wyvern is lightly wounded.
The wyvern closely misses you. The wyvern bites you.
You hit the wyvern.
The wyvern is lightly wounded.
The wyvern bites you!
* * * LOW HITPOINT WARNING * * *
You closely miss the wyvern.
The wyvern is lightly wounded.
The wyvern barely misses you. The wyvern bites you!
* * * LOW HITPOINT WARNING * * *
Casting: Necrotise (safe; 1% risk of failure)
Confirm with . or Enter, or press ? or * to list all spells.
A guardian golem appears, shielding your allies.
The wyvern barely misses you. The wyvern attacks as you move away!
The wyvern closely misses you. The wyvern completely misses you.
The wyvern attacks as you move away! The wyvern misses you.
The wyvern bites you!
* * * LOW HITPOINT WARNING * * *
The wyvern attacks as you move away! The wyvern misses you.
The wyvern completely misses you. The wyvern attacks as you move away!
The wyvern bites you.
* * * LOW HITPOINT WARNING * * *
The wyvern bites you!
You die...

Skill      XL: |  1  2  3  4  5  6  7  8  9 10 |
---------------+-------------------------------+-----
Invocations    | 1 2 3 4 5 |  5.6
Short Blades   | 1 2 3 4 5 |  5.1
Long Blades    | 1 2 3 4 5 |  5.1
Axes           | 1 2 3 4 5 |  5.1
Maces & Flails | 1 2 3 4 5 |  5.1
Polearms       | 1 2 3 4 5 |  5.1
Staves         | 1 2 3 4 5 |  5.1
Ranged Weapons | 1 2 3 4 5 |  5.1
Throwing       | 1 2 3 4 5 |  5.1
Dodging        | 1 2 3 4 5 |  5.1
Stealth        | 1 2 3 4 5 |  5.1
Shields        | 1 2 3 4 5 |  5.1
Unarmed Combat | 1 2 3 4 5 |  5.1
Spellcasting   | 3 4 5 |  5.9
Conjurations   | 1 2 3 4 |  4.2
Summonings     | 1 2 3 4 |  4.2
Translocations | 1 2 3 4 |  4.2
Transmutations | 1 2 3 4 |  4.2
Fire Magic     | 1 2 3 4 |  4.2
Ice Magic      | 1 2 3 4 |  4.2
Air Magic      | 1 2 3 4 |  4.2
Earth Magic    | 1 2 3 4 |  4.2
Poison Magic   | 1 2 3 4 |  4.2
Shapeshifting  | 1 2 3 4 |  4.2
Fighting       | 3 4 5 |  5.7
Armour         | 3 4 5 |  5.7
Evocations     | 3 4 5 |  5.7
Hexes          | 6 7 |  7.0
Necromancy     | 6 7 |  7.0

Action                     |  1- 3 |  4- 6 |  7- 9 | 10-12 || total
---------------------------+-------+-------+-------+-------++-------
  Melee: Club              |    17 |     3 |       |       ||    20
         Bite              |     4 |     1 |    18 |     5 ||    28
         Punch             |     2 |     1 |     2 |       ||     5
         Rapier            |       |    46 |   130 |       ||   176
         Dagger            |       |     2 |       |       ||     2
         Dire flail        |       |       |    66 |    47 ||   113
  Throw: Dart              |       |       |     3 |       ||     3
         Boomerang         |       |       |     1 |       ||     1
   Cast: Necrotise         |    64 |   128 |   259 |     2 ||   453
         Summon Guardian G |       |       |    21 |     1 ||    22
  Evoke: Wand              |       |       |     2 |       ||     2
    Use: Scroll            |       |     2 |    10 |     1 ||    13
         Potion            |       |     1 |       |       ||     1
   Stab: Paralysed         |       |     1 |    14 |     2 ||    17
         Distracted        |       |       |     1 |       ||     1
 Armour: Ring mail         |     7 |    36 |   116 |    17 ||   176
  Dodge: Dodged            |    15 |    49 |   193 |    37 ||   294

Levels and vault maps discovered:
D:1:      dpeg_arrival_signposts, layout_rooms, serial_shops,
          nicolae_shop_mannequins, minmay_tall_x
D:2:      layout_rooms, shapermc_ecumenical_altar_ellora, basic_altar,
          minmay_heptomino_o4
D:3:      layout_loops_ring, gammafunk_temple_overflow_wave,
          guppyfry_early_orc_mine
D:4:      minmay_goblin_kobold_castle, layout_cave_pools,
          minmay_temple_entry_nine_rooms, cheibrodos_sewer_entry_bend
D:5:      layout_basic, due_unseen_surprise
D:6:      layout_basic, mainiacjoe_overflow_large_starburst,
          lemuel_blue_sif_altar, tso_altar, palyth_stone_intersect
D:7:      layout_loops_ring, st_stairs_7

Notes
Turn   | Place    | Note
-------+----------+-------------------------------------------
     0 | D:1      | AIAndy the Gnoll Wanderer began the quest for the Orb.
     0 | D:1      | AIAndy set off with the following items: a +0 club, a
                  | scroll of fear, a +0 ring mail; and the following spells
                  | available to memorise: Necrotise, Slow, Vampiric Draining,
                  | Summon Guardian Golem, Fulminant Prism.
     0 | D:1      | Reached XP level 1. HP: 17/17 MP: 4/4
     2 | D:1      | Learned a level 1 spell: Necrotise
   157 | D:1      | Reached XP level 2. HP: 23/23 MP: 1/5
   366 | D:1      | Reached XP level 3. HP: 28/28 MP: 5/7
   488 | D:1      | Reached skill level 1 in Invocations
   589 | D:1      | Identified +0 pearl dragon scales
   589 | D:1      | Noticed an animated pearl dragon scales
   591 | D:1      | Found Gaust's Armour Emporium.
   620 | D:1      | Noticed an animated shadow dragon scales
   904 | D:2      | Found a burning altar of Makhleb.
   991 | D:2      | Reached skill level 1 in Short Blades
   991 | D:2      | Reached skill level 1 in Long Blades
   991 | D:2      | Reached skill level 1 in Axes
   991 | D:2      | Reached skill level 1 in Maces & Flails
   991 | D:2      | Reached skill level 1 in Polearms
   991 | D:2      | Reached skill level 1 in Staves
   991 | D:2      | Reached skill level 1 in Ranged Weapons
   991 | D:2      | Reached skill level 1 in Throwing
   991 | D:2      | Reached skill level 1 in Dodging
   991 | D:2      | Reached skill level 1 in Stealth
   991 | D:2      | Reached skill level 1 in Shields
   991 | D:2      | Reached skill level 1 in Unarmed Combat
  1248 | D:2      | Found a faded altar of an unknown god.
  1266 | D:2      | Prayed at the altar of an unknown god.
  1266 | D:2      | Became a worshipper of Uskayaw the Reveller
  1266 | D:2      | Reached * piety under Uskayaw
  1291 | D:2      | Reached XP level 4. HP: 33/34 MP: 2/8
  1293 | D:2      | Reached ** piety under Uskayaw
  1296 | D:2      | Reached skill level 3 in Spellcasting
  1744 | D:3      | Found a basalt altar of Yredelemnul.
  1744 | D:3      | Found a sacrificial altar of Ru.
  1830 | D:3      | Reached skill level 1 in Conjurations
  1830 | D:3      | Reached skill level 1 in Summonings
  1830 | D:3      | Reached skill level 1 in Translocations
  1830 | D:3      | Reached skill level 1 in Transmutations
  1830 | D:3      | Reached skill level 1 in Fire Magic
  1830 | D:3      | Reached skill level 1 in Ice Magic
  1830 | D:3      | Reached skill level 1 in Air Magic
  1830 | D:3      | Reached skill level 1 in Earth Magic
  1830 | D:3      | Reached skill level 1 in Poison Magic
  1830 | D:3      | Reached skill level 1 in Shapeshifting
  1845 | D:3      | Reached *** piety under Uskayaw
  1962 | D:3      | Identified the +0 quarterstaff "Widowmaker" {freeze,
                  | Fragile rElec rF++ Dex+2}
  2401 | D:3      | Reached XP level 5. HP: 31/40 MP: 1/9
  2417 | D:3      | Reached skill level 3 in Fighting
  2417 | D:3      | Reached skill level 3 in Armour
  2417 | D:3      | Reached skill level 3 in Evocations
  2670 | D:4      | Found a glowing drain.
  2692 | Sewer    | Entered a sewer
  2772 | Sewer    | Noticed a kobold brigand
  2784 | Sewer    | Killed a kobold brigand
  2785 | Sewer    | Reached skill level 2 in Invocations
  2785 | Sewer    | Reached XP level 6. HP: 18/47 MP: 1/11
  2915 | Sewer    | Reached skill level 2 in Short Blades
  2915 | Sewer    | Reached skill level 2 in Long Blades
  2915 | Sewer    | Reached skill level 2 in Axes
  2915 | Sewer    | Reached skill level 2 in Maces & Flails
  2915 | Sewer    | Reached skill level 2 in Polearms
  2915 | Sewer    | Reached skill level 2 in Staves
  2915 | Sewer    | Reached skill level 2 in Ranged Weapons
  2915 | Sewer    | Reached skill level 2 in Throwing
  2915 | Sewer    | Reached skill level 2 in Dodging
  2915 | Sewer    | Reached skill level 2 in Stealth
  2915 | Sewer    | Reached skill level 2 in Shields
  2915 | Sewer    | Reached skill level 2 in Unarmed Combat
  3568 | Sewer    | Reached XP level 7. HP: 48/52 MP: 8/12
  3894 | D:4      | Reached skill level 2 in Conjurations
  3894 | D:4      | Reached skill level 2 in Summonings
  3894 | D:4      | Reached skill level 2 in Translocations
  3894 | D:4      | Reached skill level 2 in Transmutations
  3894 | D:4      | Reached skill level 2 in Fire Magic
  3894 | D:4      | Reached skill level 2 in Ice Magic
  3894 | D:4      | Reached skill level 2 in Air Magic
  3894 | D:4      | Reached skill level 2 in Earth Magic
  3894 | D:4      | Reached skill level 2 in Poison Magic
  3894 | D:4      | Reached skill level 2 in Shapeshifting
  4369 | D:4      | Learned a level 3 spell: Summon Guardian Golem
  4390 | D:4      | Found a staircase to the Ecumenical Temple.
  4833 | D:4      | Reached skill level 4 in Spellcasting
  4833 | D:4      | Reached skill level 3 in Invocations
  4999 | D:4      | Noticed a steam dragon
  5009 | D:4      | Killed a steam dragon
  5010 | D:4      | Reached skill level 4 in Fighting
  5010 | D:4      | Reached skill level 3 in Short Blades
  5010 | D:4      | Reached skill level 3 in Long Blades
  5010 | D:4      | Reached skill level 3 in Axes
  5010 | D:4      | Reached skill level 3 in Maces & Flails
  5010 | D:4      | Reached skill level 3 in Polearms
  5010 | D:4      | Reached skill level 3 in Staves
  5010 | D:4      | Reached skill level 3 in Ranged Weapons
  5010 | D:4      | Reached skill level 3 in Throwing
  5010 | D:4      | Reached skill level 4 in Armour
  5010 | D:4      | Reached skill level 3 in Dodging
  5010 | D:4      | Reached skill level 3 in Stealth
  5010 | D:4      | Reached skill level 3 in Shields
  5010 | D:4      | Reached skill level 3 in Unarmed Combat
  5010 | D:4      | Reached skill level 6 in Hexes
  5010 | D:4      | Reached skill level 6 in Necromancy
  5010 | D:4      | Reached skill level 4 in Evocations
  5010 | D:4      | Reached XP level 8. HP: 29/60 MP: 14/14
  5425 | D:4      | Reached **** piety under Uskayaw
  5891 | D:5      | Entered Level 5 of the Dungeon
  6077 | D:5      | Reached skill level 3 in Conjurations
  6077 | D:5      | Reached skill level 3 in Summonings
  6077 | D:5      | Reached skill level 3 in Translocations
  6077 | D:5      | Reached skill level 3 in Transmutations
  6077 | D:5      | Reached skill level 3 in Fire Magic
  6077 | D:5      | Reached skill level 3 in Ice Magic
  6077 | D:5      | Reached skill level 3 in Air Magic
  6077 | D:5      | Reached skill level 3 in Earth Magic
  6077 | D:5      | Reached skill level 3 in Poison Magic
  6077 | D:5      | Reached skill level 4 in Invocations
  6077 | D:5      | Reached skill level 3 in Shapeshifting
  6354 | D:5      | Reached XP level 9. HP: 56/66 MP: 9/16
  6555 | D:5      | Reached skill level 4 in Short Blades
  6555 | D:5      | Reached skill level 4 in Long Blades
  6555 | D:5      | Reached skill level 4 in Axes
  6555 | D:5      | Reached skill level 4 in Maces & Flails
  6555 | D:5      | Reached skill level 4 in Polearms
  6555 | D:5      | Reached skill level 4 in Staves
  6555 | D:5      | Reached skill level 4 in Ranged Weapons
  6555 | D:5      | Reached skill level 4 in Throwing
  6555 | D:5      | Reached skill level 4 in Dodging
  6555 | D:5      | Reached skill level 4 in Stealth
  6555 | D:5      | Reached skill level 4 in Shields
  6555 | D:5      | Reached skill level 4 in Unarmed Combat
  6951 | D:5      | Reached skill level 5 in Spellcasting
  7512 | D:6      | Reached skill level 5 in Fighting
  7512 | D:6      | Reached skill level 5 in Armour
  7512 | D:6      | Reached skill level 5 in Evocations
  7949 | D:6      | Learned a level 2 spell: Blink
  7949 | D:6      | Found a shimmering blue altar of Sif Muna.
  8518 | D:6      | Reached skill level 5 in Invocations
  8686 | D:6      | Found a radiant altar of Vehumet.
  8784 | D:6      | Found an ancient bone altar of Kikubaaqudgha.
  8906 | D:6      | Found a glowing golden altar of the Shining One.
  9350 | D:7      | Reached skill level 4 in Conjurations
  9350 | D:7      | Reached skill level 4 in Summonings
  9350 | D:7      | Reached skill level 4 in Translocations
  9350 | D:7      | Reached skill level 4 in Transmutations
  9350 | D:7      | Reached skill level 4 in Fire Magic
  9350 | D:7      | Reached skill level 4 in Ice Magic
  9350 | D:7      | Reached skill level 4 in Air Magic
  9350 | D:7      | Reached skill level 4 in Earth Magic
  9350 | D:7      | Reached skill level 4 in Poison Magic
  9350 | D:7      | Reached skill level 4 in Shapeshifting
  9458 | D:7      | Reached XP level 10. HP: 61/75 MP: 12/18
  9570 | D:7      | Reached skill level 5 in Short Blades
  9570 | D:7      | Reached skill level 5 in Long Blades
  9570 | D:7      | Reached skill level 5 in Axes
  9570 | D:7      | Reached skill level 5 in Maces & Flails
  9570 | D:7      | Reached skill level 5 in Polearms
  9570 | D:7      | Reached skill level 5 in Staves
  9570 | D:7      | Reached skill level 5 in Ranged Weapons
  9570 | D:7      | Reached skill level 5 in Throwing
  9570 | D:7      | Reached skill level 5 in Dodging
  9570 | D:7      | Reached skill level 5 in Stealth
  9570 | D:7      | Reached skill level 5 in Shields
  9570 | D:7      | Reached skill level 5 in Unarmed Combat
  9722 | D:7      | Reached skill level 7 in Hexes
  9722 | D:7      | Reached skill level 7 in Necromancy
 10007 | D:7      | HP: 7/76 [wyvern (4)]
 10007 | D:7      | Slain by a wyvern

Vanquished Creatures
  2 steam dragons
  2 water moccasins
  An acid dragon (D:5)
  An orc warrior (D:7)
  2 ice beasts
  A sky beast (D:7)
  2 ogres
  A black bear (D:5)
  2 centaurs (D:6)
  9 kobold brigands
  3 scorpions
  A jelly (D:6)
  3 howler monkeys (D:7)
  5 hounds
  2 orc priests
  3 iguanas
  3 sleepcaps (D:6)
  4 orc wizards
  10 adders
  17 gnolls
  A river rat (Sewer)
  2 shadow imps
  A white imp (D:3)
  3 ufetubi
  4 worms
  3 dart slugs
  28 orcs
  9 ball pythons
  9 endoplasms
  4 giant cockroaches
  9 goblins
  10 hobgoblins
  A jackal (D:3)
  44 kobolds
  8 quokkas
  3 bats
  4 frilled lizards (D:1)
  14 rats
231 creatures vanquished.

Vanquished Creatures (collateral kills)
  A jelly (D:5)
  An adder (D:2)
  A worm (D:2)
  3 endoplasms
  A jackal (D:3)
  3 kobolds (D:4)
  A frilled lizard (D:1)
11 creatures vanquished.

Vanquished Creatures (others)
  An ogre (D:6)
  5 wights (D:6)
  A gnoll bouda (D:5)
  An orc wizard (D:6)
8 creatures vanquished.

Grand Total: 250 creatures vanquished

Table legend: (Time is in decaauts)
 A = Elapsed time spent in this place.
 B = Non-inter-level travel time spent in this place.
 C = Inter-level travel time spent in this place.
 D = Time resting spent in this place.
 E = Time spent auto-exploring this place.
 F = Levels seen in this place.
 G = Mean time per level.
                   A        B        C        D        E       F      G
               +--------+--------+--------+--------+--------+-----+--------+
         Total |  10200 |  10103 |     97 |    459 |   7589 |   8 | 1275.0 |
       Dungeon |   8928 |   8831 |     97 |    459 |   6619 |   7 | 1275.4 |
         Sewer |   1272 |   1272 |      0 |      0 |    970 |   1 | 1272.0 |
               +--------+--------+--------+--------+--------+-----+--------+

Top non-repeatable levels by time:
     D:4: 2211 daAuts
     D:6: 1742 daAuts
     D:5: 1483 daAuts
   Sewer: 1272 daAuts
     D:3: 1109 daAuts
     D:1: 906 daAuts
     D:7: 766 daAuts
     D:2: 707 daAuts

Table legend:
 A = Non-vault XP
 B = Vault XP
 C = Vault XP percentage of total XP
 D = Non-vault monster count
 E = Vault monster count
 F = Vault count percentage of total count
                 A         B        C        D         E       F
            +---------+---------+-------+---------+---------+-------
      Total |    3994 |    1290 |  24.4 |     157 |      93 |  37.2
            +---------+---------+-------+---------+---------+-------
        D:1 |      55 |       7 |  11.3 |      25 |       4 |  13.8
        D:2 |      37 |       4 |   9.8 |      14 |       3 |  17.6
        D:3 |      91 |      17 |  15.7 |      19 |       7 |  26.9
        D:4 |     345 |     695 |  66.8 |      25 |      50 |  66.7
        D:5 |    1219 |       0 |   0.0 |      28 |       0 |   0.0
        D:6 |    1552 |       0 |   0.0 |      30 |       0 |   0.0
        D:7 |     695 |     136 |  16.4 |      16 |       1 |   5.9
      Sewer |       0 |     431 | 100.0 |       0 |      28 | 100.0
            +---------+---------+-------+---------+---------+-------
